PL
ATLANTA SMOKE @ BOSTON PATRIOTS
09/05/2023
 
TOP OF THE 1ST
Atlanta Smoke batting - Pitching for Boston Patriots : LHP Bryan Houston
Pitching: LHP Bryan Houston
Batting: RHB Cale Sutton 0-0: Ball
1-0: Ball
2-0: Ball
3-0: Base on Balls
Batting: RHB Bartolo Morales 0-0: Ball
1-0: Called Strike
1-1: Ball
2-1: Ball
3-1: Fielders Choice at 2nd, U6 (Groundball, 6M)
Batting: LHB Albert Morán 0-0: Ball
Bartolo Morales steals 2nd base
1-0: Ball
2-0: Swinging Strike
2-1: Ball
3-1: Ground out 3-6 (Groundball, 3)
Bartolo Morales to third
Batting: LHB Carl Gore 0-0: Ground out 6-3 (Groundball, 6M)
Top of the 1st over - 0 run(s), 0 hit(s), 0 error(s), 1 left on base; Atlanta 0 - Boston 0
BOTTOM OF THE 1ST
Boston Patriots batting - Pitching for Atlanta Smoke : RHP Adrián Fierro
Pitching: RHP Adrián Fierro
Batting: RHB Wilfred McLaughlin 0-0: Called Strike
0-1: Ball
1-1: Ball
2-1: Fly out, F9 (Flyball, 9LM)
Batting: RHB Tamasaburo Kato 0-0: Called Strike
0-1: Ball
1-1: Foul Ball, location: 2F
1-2: Ball
2-2: Foul Ball, location: 2F
2-2: Foul Ball, location: 2F
2-2: Ball
3-2: SINGLE (Groundball, 6MD)
Batting: RHB Enrique Pérez 0-0: Ball
1-0: Swinging Strike
1-1: Ball
Wild Pitch!
Tamasaburo Kato to second
2-1: Ball
3-1: Base on Balls
Batting: RHB Karl Schultz 0-0: Called Strike
0-1: Ball
1-1: Ball
2-1: Swinging Strike
2-2: SINGLE (Groundball, 5D)
Tamasaburo Kato to third
Enrique Pérez to second
Runner from 3rd tries for Home, SAFE, throw made home
Batting: RHB Tommy Jones 0-0: Swinging Strike
0-1: Called Strike
0-2: Ball
1-2: Grounds into double play, 6-4-3 (Groundball, 6)
Bottom of the 1st over - 1 run(s), 2 hit(s), 0 error(s), 1 left on base; Atlanta 0 - Boston 1
TOP OF THE 2ND
Atlanta Smoke batting - Pitching for Boston Patriots : LHP Bryan Houston
Batting: RHB Iván Pérez 0-0: Ball
1-0: Called Strike
1-1: Ball
2-1: Foul Ball, location: 2F
2-2: Strikes out swinging
Batting: RHB Chris Teague 0-0: Ball
1-0: Called Strike
1-1: Called Strike
1-2: Ground out 1-3 (Groundball, 13S)
Batting: LHB Bernardo Elías 0-0: Called Strike
0-1: Foul Ball, location: 2F
0-2: Ball
1-2: Ball
2-2: Ball
3-2: Foul Ball, location: 2F
3-2: Strikes out looking
Top of the 2nd over - 0 run(s), 0 hit(s), 0 error(s), 0 left on base; Atlanta 0 - Boston 1
BOTTOM OF THE 2ND
Boston Patriots batting - Pitching for Atlanta Smoke : RHP Adrián Fierro
Batting: RHB Terry Armstrong 0-0: Ball
1-0: Ball
2-0: Ball
3-0: Called Strike
3-1: Base on Balls
Batting: LHB Bill Chambers 0-0: Ball
1-0: Ball
2-0: Called Strike
2-1: Fielders Choice at 2nd, 4-6 (Groundball, 4)
Batting: LHB Alberto Enríquez 0-0: Ball
1-0: Ball
2-0: Fly out, F8 (Line Drive, 8LM)
Batting: RHB John MacGregor 0-0: Ball
Bill Chambers steals 2nd base
1-0: Ball
2-0: Ball
3-0: Called Strike
3-1: DOUBLE (Line Drive, 89XD)
Bill Chambers scores
Batting: RHB Wilfred McLaughlin 0-0: Ball
1-0: Called Strike
1-1: Called Strike
1-2: Ground out 4-3 (Groundball, 4)
Bottom of the 2nd over - 1 run(s), 1 hit(s), 0 error(s), 1 left on base; Atlanta 0 - Boston 2
TOP OF THE 3RD
Atlanta Smoke batting - Pitching for Boston Patriots : LHP Bryan Houston
Batting: RHB Anthony Johnston 0-0: Ball
1-0: Called Strike
1-1: Called Strike
1-2: SINGLE (Line Drive, 6D)
Batting: RHB Joe Runyon 0-0: Ball
1-0: Ball
2-0: Called Strike
2-1: Grounds into double play, 6-4-3 (Groundball, 6M)
Batting: RHB Cale Sutton 0-0: Called Strike
0-1: Foul Ball, location: 2F
0-2: Ball
1-2: Ball
2-2: Strikes out swinging
Top of the 3rd over - 0 run(s), 1 hit(s), 0 error(s), 0 left on base; Atlanta 0 - Boston 2
BOTTOM OF THE 3RD
Boston Patriots batting - Pitching for Atlanta Smoke : RHP Adrián Fierro
Batting: RHB Tamasaburo Kato 0-0: Called Strike
0-1: Ball
1-1: Ball
2-1: Ball
3-1: Foul Ball, location: 2F
3-2: Foul Ball, location: 2F
3-2: Foul Ball, location: 2F
3-2: SINGLE (Groundball, 4MD)
Batting: RHB Enrique Pérez 0-0: Foul Ball, location: 2F
0-1: Ball
1-1: SINGLE (Groundball, 56)
Tamasaburo Kato to second
Batting: RHB Karl Schultz 0-0: Called Strike
0-1: Grounds into double play, 5-4-3 (Groundball, 56)
Tamasaburo Kato to third
Batting: RHB Tommy Jones 0-0: Ball
1-0: Ball
2-0: Foul Ball, location: 2F
2-1: Swinging Strike
2-2: Foul Ball, location: 2F
2-2: Ball
3-2: DOUBLE (Line Drive, 5D)
Tamasaburo Kato scores
Batting: RHB Terry Armstrong 0-0: Called Strike
0-1: Ball
1-1: Ground out 6-3 (Groundball, 6)
Bottom of the 3rd over - 1 run(s), 3 hit(s), 0 error(s), 1 left on base; Atlanta 0 - Boston 3
TOP OF THE 4TH
Atlanta Smoke batting - Pitching for Boston Patriots : LHP Bryan Houston
Batting: RHB Bartolo Morales 0-0: Ground out 3-1 (Groundball, 34S)
Batting: LHB Albert Morán 0-0: Foul Ball, location: 2F
0-1: Ball
1-1: Swinging Strike
1-2: Ball
2-2: Ball
3-2: Foul Ball, location: 2F
3-2: Foul Ball, location: 2F
3-2: Foul Ball, location: 2F
3-2: Strikes out swinging
Batting: LHB Carl Gore 0-0: Ball
1-0: Ground out 2-3 (Groundball, 2R)
Top of the 4th over - 0 run(s), 0 hit(s), 0 error(s), 0 left on base; Atlanta 0 - Boston 3
BOTTOM OF THE 4TH
Boston Patriots batting - Pitching for Atlanta Smoke : RHP Adrián Fierro
Batting: LHB Bill Chambers 0-0: Called Strike
0-1: Foul Ball, location: 2F
0-2: Ball
1-2: Strikes out swinging
Batting: LHB Alberto Enríquez 0-0: Ball
1-0: Ball
2-0: TRIPLE (Flyball, 8RXD)
Batting: RHB John MacGregor 0-0: Ball
1-0: Called Strike
1-1: SINGLE (Line Drive, 4M)
Alberto Enríquez scores
Batting: RHB Wilfred McLaughlin 0-0: Called Strike
0-1: Called Strike
0-2: Ball
1-2: Ball
2-2: Ball
3-2: Foul Ball, location: 2F
3-2: Fly out, F6 (Line Drive, 6D)
Batting: RHB Tamasaburo Kato 0-0: Swinging Strike
John MacGregor steals 2nd base
0-1: 2-RUN HOME RUN (Flyball, 7D), Distance : 391 ft
Pitching: RHP Will Benton
Batting: RHB Enrique Pérez 0-0: Swinging Strike
0-1: Ball
1-1: Ball
2-1: Ball
3-1: Ground out 5-3 (Groundball, 56)
Bottom of the 4th over - 3 run(s), 3 hit(s), 0 error(s), 0 left on base; Atlanta 0 - Boston 6
TOP OF THE 5TH
Atlanta Smoke batting - Pitching for Boston Patriots : LHP Bryan Houston
Batting: RHB Iván Pérez 0-0: Fly out, F4 (Popup, 4M)
Batting: RHB Chris Teague 0-0: Ball
1-0: Ball
2-0: Called Strike
2-1: Ground out 6-3 (Groundball, 6M)
Batting: LHB Bernardo Elías 0-0: Swinging Strike
0-1: Foul Ball, location: 2F
0-2: Strikes out swinging
Top of the 5th over - 0 run(s), 0 hit(s), 0 error(s), 0 left on base; Atlanta 0 - Boston 6
BOTTOM OF THE 5TH
Boston Patriots batting - Pitching for Atlanta Smoke : RHP Will Benton
Batting: RHB Karl Schultz 0-0: Ball
1-0: Swinging Strike
1-1: Ball
2-1: Swinging Strike
2-2: Strikes out swinging
Batting: RHB Tommy Jones 0-0: Ground out 1-3 (Groundball, 13)
Batting: RHB Terry Armstrong 0-0: Ball
1-0: Foul Ball, location: 2F
1-1: Swinging Strike
1-2: Ball
2-2: Foul Ball, location: 2F
2-2: Ball
3-2: Base on Balls
Batting: LHB Bill Chambers 0-0: Ball
1-0: Foul Ball, location: 2F
1-1: Ball
2-1: Ball
3-1: Fly out, F5 (Popup, 56S)
Bottom of the 5th over - 0 run(s), 0 hit(s), 0 error(s), 1 left on base; Atlanta 0 - Boston 6
TOP OF THE 6TH
Atlanta Smoke batting - Pitching for Boston Patriots : LHP Bryan Houston
Batting: RHB Anthony Johnston 0-0: Ball
1-0: Called Strike
1-1: Ball
2-1: Called Strike
2-2: Foul Ball, location: 2F
2-2: Foul Ball, location: 2F
2-2: Foul Ball, location: 2F
2-2: Fly out, F6 (Popup, 56)
Batting: RHB Joe Runyon 0-0: Ball
1-0: Ball
2-0: Called Strike
2-1: Foul Ball, location: 2F
2-2: Fly out, F7 (Flyball, 78S)
Batting: RHB Cale Sutton 0-0: Ball
1-0: Ball
2-0: Ball
3-0: Base on Balls
Batting: RHB Bartolo Morales 0-0: Called Strike
0-1: SINGLE (Line Drive, 78M)
Cale Sutton to second
Batting: LHB Albert Morán 0-0: Swinging Strike
0-1: Foul Ball, location: 2F
0-2: Ball
1-2: Foul Ball, location: 2F
1-2: Ball
2-2: 3-RUN HOME RUN (Flyball, 9LD), Distance : 364 ft
Batting: LHB Carl Gore 0-0: Ball
1-0: Foul Ball, location: 2F
1-1: Ball
2-1: Swinging Strike
2-2: Foul Ball, location: 2F
2-2: Ball
3-2: Foul Ball, location: 2F
3-2: Foul Ball, location: 2F
3-2: Fly out, F6 (Popup, 6D)
Top of the 6th over - 3 run(s), 2 hit(s), 0 error(s), 0 left on base; Atlanta 3 - Boston 6
BOTTOM OF THE 6TH
Boston Patriots batting - Pitching for Atlanta Smoke : RHP Will Benton
Batting: LHB Alberto Enríquez 0-0: Swinging Strike
0-1: Ball
1-1: Fly out, F6 (Popup, 6)
Batting: RHB John MacGregor 0-0: Ball
1-0: SINGLE (Line Drive, 89S)
Batting: RHB Wilfred McLaughlin 0-0: Ball
1-0: Swinging Strike
1-1: Foul Ball, location: 2F
1-2: Ball
2-2: Strikes out swinging
Batting: RHB Tamasaburo Kato 0-0: Called Strike
0-1: Called Strike
0-2: Ball
1-2: Ball
2-2: Fly out, F7 (Flyball, 7M)
Bottom of the 6th over - 0 run(s), 1 hit(s), 0 error(s), 1 left on base; Atlanta 3 - Boston 6
TOP OF THE 7TH
Atlanta Smoke batting - Pitching for Boston Patriots : LHP Bryan Houston
Pitching: LHP Jesús Caldero
Batting: RHB Iván Pérez 0-0: Foul Ball, location: 2F
0-1: Reached on error, E5 (Groundball, 5)
Batting: RHB Chris Teague 0-0: Called Strike
0-1: Ball
1-1: Foul Ball, location: 2F
1-2: SINGLE (Groundball, 5S)
Iván Pérez to second
Batting: LHB Bernardo Elías 0-0: Ball
1-0: Called Strike
1-1: Foul Ball, location: 2F
1-2: Strikes out looking
Batting: RHB Anthony Johnston 0-0: Foul Ball, location: 2F
0-1: Ball
1-1: Foul Ball, location: 2F
1-2: Strikes out looking
Batting: RHB Joe Runyon 0-0: Called Strike
0-1: Ball
1-1: Ball
2-1: Ball
3-1: Base on Balls
Iván Pérez to third
Chris Teague to second
Batting: RHB Cale Sutton 0-0: Fly out, F8 (Flyball, 8LXD)
Top of the 7th over - 0 run(s), 1 hit(s), 1 error(s), 3 left on base; Atlanta 3 - Boston 6
BOTTOM OF THE 7TH
Boston Patriots batting - Pitching for Atlanta Smoke : RHP Will Benton
Batting: RHB Enrique Pérez 0-0: Ball
1-0: Fly out, F9 (Flyball, 89D)
Batting: RHB Karl Schultz 0-0: Ball
1-0: Ground out 6-3 (Groundball, 56)
Batting: RHB Tommy Jones 0-0: Ball
1-0: Ball
2-0: Called Strike
2-1: Ground out 6-3 (Groundball, 6M)
Bottom of the 7th over - 0 run(s), 0 hit(s), 0 error(s), 0 left on base; Atlanta 3 - Boston 6
TOP OF THE 8TH
Atlanta Smoke batting - Pitching for Boston Patriots : LHP Jesús Caldero
Batting: RHB Bartolo Morales 0-0: Called Strike
0-1: Foul Ball, location: 2F
0-2: Ball
1-2: Foul Ball, location: 2F
1-2: Strikes out swinging
Batting: LHB Albert Morán 0-0: Called Strike
0-1: Called Strike
0-2: Ball
1-2: Ball
2-2: Strikes out looking
Batting: LHB Carl Gore 0-0: Called Strike
0-1: Ball
1-1: Foul Ball, location: 2F
1-2: Ball
2-2: Strikes out swinging
Top of the 8th over - 0 run(s), 0 hit(s), 0 error(s), 0 left on base; Atlanta 3 - Boston 6
BOTTOM OF THE 8TH
Boston Patriots batting - Pitching for Atlanta Smoke : RHP Will Benton
Pitching: RHP Iván García
Batting: RHB Terry Armstrong 0-0: Foul Ball, location: 2F
0-1: SINGLE (Groundball, 56D)
Batting: LHB Bill Chambers 0-0: Ball
1-0: Foul Ball, location: 2F
1-1: Ball
2-1: Fly out, F7 (Flyball, 78D)
Batting: LHB Alberto Enríquez 0-0: Foul Ball, location: 2F
0-1: Foul Ball, location: 2F
0-2: Ball
1-2: SINGLE (Line Drive, 34D)
Terry Armstrong to second
Batting: RHB John MacGregor 0-0: Swinging Strike
0-1: Foul Ball, location: 2F
0-2: Grounds into double play, 5-4-3 (Groundball, 56)
Bottom of the 8th over - 0 run(s), 2 hit(s), 0 error(s), 1 left on base; Atlanta 3 - Boston 6
TOP OF THE 9TH
Atlanta Smoke batting - Pitching for Boston Patriots : LHP Jesús Caldero
Pitching: RHP Robinson Gonzáles
Batting: RHB Iván Pérez 0-0: Ground out 5-3 (Groundball, 5)
Batting: RHB Chris Teague 0-0: Foul Ball, location: 2F
0-1: Ball
1-1: Called Strike
1-2: Strikes out swinging
Batting: LHB Bernardo Elías 0-0: Foul Ball, location: 2F
0-1: Foul Ball, location: 2F
0-2: Strikes out looking
Top of the 9th over - 0 run(s), 0 hit(s), 0 error(s), 0 left on base; Atlanta 3 - Boston 6
This league is powered by Out of the Park Baseball, the baseball management simulation game for PC, Mac and Linux
Friday, July 8th, 2016 - OOTP Baseball 16.9 Build 39